 Dungeon Crawl Stone Soup version 0.31-a0-1589-g8f5e8aebd6 (webtiles) character file.

Game seed: 5174165091930360906

2 Laraso the Sneak (level 1, -2/18 HPs)
             Began as an Armataur Delver on Jan 5, 2024.
             Was an Initiate of Trog.
             Slain by a gnoll
             ... wielding a +0 flail
             ... led by a gnoll bouda
              (5 damage)
             ... on level 5 of the Dungeon.
             The game lasted 00:01:56 (368 turns).

Laraso the Sneak (Armataur Delver)                   Turns: 368, Time: 00:01:56

Health: -2/18      AC:  4    Str: 17    XL:     1   Next: 33%
Magic:  1/1        EV:  9    Int: 10    God:    Trog [......]
Gold:   24         SH:  0    Dex: 11    Spells: 0/0 levels left

rFire   . . .        a - +0 mace
rCold   . . .        (no shield)
rNeg    . . .        b - +0 leather armour
rPois   .            (no helmet)
rElec   .            (no cloak)
rCorr   .            (no gloves)
SInv    .            (no barding)
Will    .....        (no amulet)
Stlth   +++          (no ring)
HPRegen 0.23/turn    (no ring)
MPRegen 1.06/turn

%: roll
@: no status effects
A: large, deformed body, tough skin 3, armoured tail, roll 1
a: Renounce Religion


You were on level 5 of the Dungeon.
You worshipped Trog.
Trog was noncommittal.
You visited 1 branch of the dungeon, and saw 1 of its levels.

You collected 24 gold pieces.

Inventory:

Hand Weapons
 a - a +0 mace (weapon)
Armour
 b - a +0 leather armour (worn)
Wands
 g - a wand of digging (3)
Scrolls
 c - a scroll of fog
 d - a scroll of revelation
 i - a scroll of enchant weapon
Potions
 e - a potion of curing
 f - 2 potions of haste


   Skills:
 - Level 2.6 Fighting
 * Level 2.0 Maces & Flails
 - Level 1.3 Dodging
 - Level 5.4 Stealth


You couldn't memorise any spells.
You didn't know any spells.
Your spell library was empty.

Dungeon Overview and Level Annotations

Branches:
Dungeon (5/15)
 Temple: D:4-7

Altars:
Sif Muna
Trog

Annotations:
D:5 Eustachio, Grinder


Innate Abilities, Weirdness & Mutations

Armour fits poorly on your strangely shaped body.
You have extremely tough skin. (AC +3)
You have a long armoured tail.
You regenerate magic when rolling toward enemies. (Rampage MPRegen)


Message History

The orc wizard flickers and vanishes!
The orc throws a boomerang.
The boomerang closely misses you.
The orc throws a boomerang.
The boomerang hits you. The orc attacks as it pursues you!
The orc hits you with a +0 club.
The orc throws a boomerang.
The boomerang barely misses you.
Eustachio shouts!
You roll towards Eustachio!
Found a fizzy blue potion.
An orc wizard appears from thin air!
Reactivating autopickup.
The orc wizard gestures wildly while chanting.
The orc wizard flickers and vanishes!
Deactivating autopickup; reactivate with Ctrl-A.
You hear a bark!
You roll towards Eustachio!
Found 3 poisoned darts.
Eustachio mumbles some strange words.
Eustachio blinks!
Unknown command.
A gnoll bouda and 4 gnolls come into view.
A gnoll is wielding a +1 halberd of protection.
Found a stone staircase leading up.
The gnoll shouts! x2; The gnoll bouda shouts!
The gnoll bouda barks out a call to the hunt!
The gnolls pick up the pace!
Eustachio mumbles some strange words.
The gnoll moves out of view.
You hear a shout!
Unknown command.
The gnoll hits you with a +0 flail.
The gnoll hits you from afar with a +1 halberd of protection!
Ouch! That really hurt!
* * * LOW HITPOINT WARNING * * *
Eustachio utters an oath, "I will die for my friends!"
Eustachio casts a spell.
Eustachio blinks!
Unknown command.
Eustachio casts a spell.
The gnoll hits you with a +0 flail.
* * * LOW HITPOINT WARNING * * *
The gnoll attacks as it pursues you! The gnoll hits you with a +0 flail.
You die...

#.. #.# #.# #.# .....
#.# ......# #.# .#
......# #.# .# ......#
#@# .. .# ......# #g# g
.# ......# #######.#.#
.#
......####......r#g#.###
#.#
................og.g<...
.h. ......#
#...r...#############...
......#
#..@!......o...........#
###.###
#(.r....############...#
###.#
###########.......o..#.#


You could see a gnoll bouda, a gnoll (swift), a river rat (summoned) and an orc.

Vanquished Creatures
  A ribbon worm (D:5)
1 creature vanquished.

Notes
Turn   | Place    | Note
-------+----------+-------------------------------------------
     0 | D:5      | Laraso the Armataur Delver began the quest for the Orb.
     0 | D:5      | Reached XP level 1. HP: 18/18 MP: 1/1
    28 | D:5      | Noticed a hound
    73 | D:5      | Noticed a water moccasin
    98 | D:5      | Noticed a hound
    99 | D:5      | Noticed Eustachio
   110 | D:5      | Noticed an orc wizard
   114 | D:5      | Noticed an orc wizard
   117 | D:5      | Noticed Grinder
   170 | D:5      | Found a shimmering blue altar of Sif Muna.
   173 | D:5      | Found a bloodstained altar of Trog.
   182 | D:5      | Became a worshipper of Trog the Wrathful
   268 | D:5      | Noticed a phantom
   273 | D:5      | Noticed a scorpion
   363 | D:5      | Noticed a gnoll bouda
   368 | D:5      | Slain by a gnoll

Illustrated notes

Levels and vault maps discovered:
D:5:      layout_basic, hellmonk_overflow_destroyed_library, uniq_eustachio,
          uniq_grinder

Skill      XL: |  1 |
---------------+----+-----
Maces & Flails | 2 |  2.0
Fighting       | |  2.6
Dodging        | |  1.3
Stealth        | |  5.4

Action                     || total
---------------------------++-------
  Melee: Mace              ||     6
    Use: Scroll            ||     2
         Potion            ||     2
   Stab: Sleeping          ||     1
 Armour: Leather armour    ||    18
  Dodge: Dodged            ||    10

Table legend: (Time is in decaauts)
 A = Elapsed time spent in this place.
 B = Non-inter-level travel time spent in this place.
 C = Inter-level travel time spent in this place.
 D = Time resting spent in this place.
 E = Time spent auto-exploring this place.
 F = Levels seen in this place.
 G = Mean time per level.
                   A        B        C        D        E       F      G
               +--------+--------+--------+--------+--------+-----+--------+
         Total |    351 |    351 |      0 |      0 |      0 |   1 |  351.0 |
       Dungeon |    351 |    351 |      0 |      0 |      0 |   1 |  351.0 |
               +--------+--------+--------+--------+--------+-----+--------+

Top non-repeatable levels by time:
     D:5: 351 daAuts
